 Dungeon Crawl Stone Soup version 0.23-a0-844-gdc03e01 (console) character file.

4804 bli the Nimble (level 10, -1/80 HPs)
             Began as a Merfolk Monk on Jan 26, 2019.
             Was a High Priest of Wu Jian.
             Slain by a gnoll
             ... wielding a +2 halberd of venom
              (14 damage)
             ... on level 8 of the Dungeon.
             The game lasted 00:47:10 (9226 turns).

bli the Nimble (Merfolk Monk)                       Turns: 9226, Time: 00:47:11

Health: -1/80      AC:  5    Str: 13    XL:     10   Next: 48%
Magic:  10/10      EV: 21    Int:  9    God:    Wu Jian [*****.]
Gold:   446        SH:  0    Dex: 21    Spells: 9/9 levels left

rFire    . . .     SeeInvis .   L - +8 morningstar {drain, rElec Stlth+}
rCold    . . .     Gourm    .   (no shield)
rNeg     . . .     Faith    .   o - +0 robe (curse)
rPois    +         Spirit   .   (helmet restricted)
rElec    +         Reflect  .   J - +0 cloak
rCorr    .         Harm     +   r - +0 pair of gloves
MR       .....                  K - +0 pair of boots (curse)
Stlth    +++++.....             u - amulet of harm
HPRegen  0.23/turn              X - +2 ring of dexterity
MPRegen  0.12/turn              q - ring of poison resistance

@: no status effects
A: change form in water, swift swim, stealthy swim, antennae 1, clumsy 1, strong
1, subdued magic 1
a: Wall Jump, Serpent's Lash, Heavenly Storm, Renounce Religion


You were on level 8 of the Dungeon.
You worshipped Wu Jian.
Wu Jian was extremely pleased with you.
You were not hungry.

You visited 1 branch of the dungeon, and saw 8 of its levels.

You collected 512 gold pieces.
You spent 66 gold pieces at shops.

Inventory:

Hand Weapons
 a - a +1 falchion of slicing
 b - a +1 dagger of draining
 l - a +3 long sword
 p - a +2 hunting sling of flaming
 v - the +3 quarterstaff "Faip" {crush, rN+++ Str-4 Int+3}
   (You found it on level 8 of the Dungeon)

   It inflicts extra damage upon your enemies.
   It affects your strength (-4).
   It affects your intelligence (+3).
   It renders you almost immune to negative energy.
 L - the +8 morningstar "Qisuog" (weapon) {drain, rElec Stlth+}
   (You found it on level 5 of the Dungeon)

   A truly terrible weapon, it drains the life of those it strikes.
   It insulates you from electricity.
   It makes you more stealthy.
 Z - a +0 blowgun
Missiles
 f - a throwing net
 x - 119 sling bullets
 y - 7 tomahawks (quivered)
 F - 37 poisoned needles
 I - 2 curare-tipped needles
 U - 2 silver tomahawks
Armour
 o - a cursed +0 robe (worn)
 r - a +0 pair of gloves (worn)
 J - a +0 cloak (worn)
 K - a cursed +0 pair of boots (worn)
 O - a +0 helmet
 Y - a +2 buckler
Jewellery
 j - an uncursed ring of see invisible
 q - a ring of poison resistance (right hand)
 u - an amulet of harm (around neck)
 A - an uncursed ring of flight
 B - an uncursed ring of ice
 N - a +3 ring of protection
 R - an uncursed ring of stealth
 X - a +2 ring of dexterity (left hand)
Wands
 i - a wand of flame (16)
 P - a wand of random effects (22)
 Q - a wand of polymorph (12)
Scrolls
 d - 4 scrolls of blinking
 k - 3 scrolls of magic mapping
 m - 5 scrolls of teleportation
 w - 2 scrolls of random uselessness {unknown}
 z - 4 scrolls of remove curse {unknown}
 C - 3 scrolls of enchant weapon {unknown}
 D - 3 scrolls of noise {unknown}
 E - a scroll of fear {unknown}
 G - 3 scrolls of enchant armour
 T - a scroll of fog {unknown}
Potions
 e - 3 potions of heal wounds {unknown}
 g - 9 potions of curing
 h - a potion of agility
 s - a potion of mutation
 t - a potion of brilliance
 H - a potion of cancellation {unknown}
 M - 4 potions of flight
 S - a potion of haste {unknown}
 V - a potion of lignification
 W - a potion of berserk rage {unknown}
Comestibles
 c - 17 rations
 n - a chunk of flesh


   Skills:
 * Level 7.9 Fighting
 * Level 6.7(9.5) Short Blades
 + Level 9.7(10.4) Long Blades
 + Level 10.4 Dodging
 * Level 6.7 Stealth
 + Level 0.4 Shields


You had 9 spell levels left.
You didn't know any spells.
Your spell library was empty.

Dungeon Overview and Level Annotations

Branches:
Dungeon (8/15)             Temple (0/1) D:7
   Lair: D:8-11

Altars:
Dithmenos
Fedhas
Gozag
Hepliaklqana
Nemelex Xobeh
Okawaru
Trog
Uskayaw
Wu Jian
Yredelemnul
The Shining One
Beogh

Shops:
D:5 !

Annotations:
D:8 1 transporter, Inarius's ghost, novice FeBe


Innate Abilities, Weirdness & Mutations

You revert to your normal form in water You are very nimble and swift while swimming.
You are very stealthy in the water. (Stealth+)
You have a pair of small antennae on your head.
You are clumsy. (Dex -2)
Your muscles are strong. (Str +2)
Your spells are a little easier to cast, but a little less powerful.


Message History

You are poisoned.
There is a fountain of clear blue water here.
You puncture the gnoll!
You kill the gnoll!
The Council accepts your kill.
You feel sick. The gnoll closely misses you. The gnoll misses you.
The gnoll hits you with a +2 whip of pain.
* * * LOW HITPOINT WARNING * * *
The gnoll closely misses you. The gnoll completely misses you.
You hit the gnoll.
The gnoll is moderately wounded.
You feel sick. The gnoll closely misses you.
The gnoll hits you with a +2 whip of pain!
* * * LOW HITPOINT WARNING * * *
The gnoll hits you but does no damage. The gnoll misses you.
The gnoll completely misses you.
The gnoll closely misses you. x2; The gnoll misses you.
You feel better. The gnoll misses you. The gnoll completely misses you.
The gnoll sergeant closely misses you. The gnoll closely misses you.
The gnoll hits you from afar with a +2 halberd of venom!
You die...

#.≈≈#..#8###8#gg#≈≈.##...[.
#.≈≈#..###.###..#≈≈........
#.≈≈#...........#≈≈........
#.≈≈###.##'##.###≈≈........
#.≈≈..#.#...#.#..≈≈........
#.≈≈.##.'...g.##.≈≈......##
#.≈≈.#©.#...#.g#.≈≈......#
#.≈≈.##.##.##.##.≈≈....[.#
#.≈≈..#.#ggg#g#..........#
#.≈≈.©#.'g©ggg#©.........#
#.≈≈..#.#8@8#g#..........##
#.≈≈.##.#####{##.≈≈......##
#.≈≈.#..#={|#.g#.≈≈......##
#.≈≈.##.#W.(#.##.≈≈......#
#.≈≈..#.#g$$#.#..≈≈......#
#.≈≈###.##'##.###≈≈...>.##
#.≈≈#g..........#≈≈..####
#.≈†#gg###.###..#≈≈.....#
#.≈≈#..#8###8#..#≈≈.....#
#.≈≈####.....####≈≈.....#
#.≈†≈≈≈≈≈≈≈≈≈≈≈≈≈≈≈.....#


You could see 4 gnoll sergeants and 4 gnolls.

Vanquished Creatures
  2 yaks (D:7)
  2 hogs (D:7)
  A human (D:7)
  Eustachio (D:6)
  3 orc warriors
  2 sky beasts (D:6)
  2 ice beasts
  2 black bears (D:8)
  2 necrophages (D:5)
  3 ogres
  2 centaurs
  A big kobold (D:5)
  3 bullfrogs
  A gnoll sergeant (D:7)
  3 scorpions
  5 killer bees
  5 howler monkeys
  6 electric eels (D:8)
  7 crimson imps
  2 jellies
  2 gnoll shamans (D:8)
  6 hounds
  4 orc priests
  6 iguanas
  2 orc wizards
  7 worker ants
  A hound skeleton (D:4)
  4 worker ant zombies
  9 adders
  11 gnolls
  2 shadow imps
  4 adder zombies (D:5)
  2 worms (D:2)
  7 leopard geckos
  29 orcs
  4 ball pythons
  4 giant cockroaches
  8 hobgoblins
  6 jackals
  5 kobolds
  3 quokkas
  5 bats (D:1)
  4 frilled lizards
  7 goblins
  4 leopard gecko skeletons
  6 rats
207 creatures vanquished.

Vanquished Creatures (others)
  6 plants (D:8)
6 creatures vanquished.

Grand Total: 213 creatures vanquished

Notes
Turn   | Place    | Note
-------+----------+-------------------------------------------
     0 | D:1      | bli the Merfolk Monk began the quest for the Orb.
     0 | D:1      | Reached XP level 1. HP: 18/18 MP: 1/1
   166 | D:1      | Reached XP level 2. HP: 6/24 MP: 2/2
   868 | D:1      | Reached XP level 3. HP: 28/29 MP: 3/3
  1520 | D:2      | Found a hazy altar of Hepliaklqana.
  1620 | D:2      | Found a sparkling altar of Nemelex Xobeh.
  1814 | D:2      | Reached XP level 4. HP: 29/35 MP: 4/4
  1900 | D:2      | Found an opulent altar of Gozag.
  2193 | D:3      | Reached skill level 1 in Short Blades
  2360 | D:3      | Found a blossoming altar of Fedhas.
  2723 | D:3      | Found an ornate altar of the Wu Jian Council.
  2728 | D:3      | Became a worshipper of the Wu Jian Council
  2728 | D:3      | Reached * piety under Wu Jian
  2728 | D:3      | Reached ** piety under Wu Jian
  2839 | D:4      | Reached skill level 5 in Dodging
  2839 | D:4      | Reached XP level 5. HP: 39/41 MP: 5/5
  3284 | D:4      | Noticed an ogre
  3302 | D:4      | Killed an ogre
  3302 | D:4      | Reached skill level 5 in Long Blades
  3464 | D:5      | Entered Level 5 of the Dungeon
  3488 | D:5      | Reached XP level 6. HP: 43/47 MP: 6/6
  3580 | D:5      | Reached skill level 6 in Dodging
  3580 | D:5      | Reached XP level 7. HP: 30/53 MP: 7/7
  4086 | D:5      | Got a faintly glowing morningstar
  4116 | D:5      | Found Botibbyg's Distillery.
  4147 | D:5      | Bought 2 potions of curing for 66 gold pieces
  4154 | D:5      | Gained mutation: You are clumsy. (Dex -2) [potion of
                  | mutation]
  4154 | D:5      | Gained mutation: Your spells are a little easier to cast,
                  | but a little less powerful. [potion of mutation]
  4154 | D:5      | Gained mutation: You evolve. [potion of mutation]
  4223 | D:5      | Reached skill level 7 in Dodging
  4379 | D:5      | Reached skill level 5 in Short Blades
  4379 | D:5      | Reached XP level 8. HP: 55/60 MP: 8/8
  4791 | D:5      | Gained mutation: You have a pair of small antennae on your
                  | head. [evolution]
  4881 | D:6      | Reached skill level 5 in Fighting
  4925 | D:6      | Noticed Eustachio
  4995 | D:6      | Killed Eustachio
  5109 | D:6      | Reached skill level 8 in Dodging
  5353 | D:6      | Reached *** piety under Wu Jian
  5609 | D:6      | Reached skill level 9 in Dodging
  5609 | D:6      | Reached XP level 9. HP: 59/65 MP: 9/9
  5698 | D:6      | Reached skill level 5 in Stealth
  5806 | D:6      | Found a glowing golden altar of the Shining One.
  5850 | D:6      | Found an iron altar of Okawaru.
  6199 | D:6      | Gained mutation: Your muscles are strong. (Str +2)
                  | [evolution]
  6199 | D:6      | Lost mutation: You evolve. [end of evolution]
  6425 | D:7      | Found a hide-covered altar of Uskayaw.
  6474 | D:7      | Found a shadowy altar of Dithmenos.
  6685 | D:7      | Found a staircase to the Ecumenical Temple.
  6726 | D:7      | Reached **** piety under Wu Jian
  6893 | D:7      | Reached XP level 10. HP: 38/76 MP: 10/10
  6893 | D:7      | Reached skill level 10 in Dodging
  7161 | D:8      | Found a transporter.
  7509 | D:8      | Found a roughly hewn altar of Beogh.
  7634 | D:8      | Found a bloodstained altar of Trog.
  7815 | D:8      | Got a dazzling quarterstaff
  7878 | D:8      | Found a transporter.
  7879 | D:8      | Identified the +6 spear "Guqaaqi" {pain, rPois Int+3}
  7879 | D:8      | Identified the +5 shield of Edou {MR+ Int+4}
  7942 | D:8      | Noticed Inarius's ghost (novice FeBe)
  8025 | D:8      | Found a transporter.
  8234 | D:8      | Reached ***** piety under Wu Jian
  8299 | D:8      | Found a basalt altar of Yredelemnul.
  8391 | D:8      | Found a transporter.
  8897 | D:8      | Identified the +8 morningstar "Qisuog" {drain, rElec
                  | Stlth+} (You found it on level 5 of the Dungeon)
  8904 | D:8      | Identified the +3 quarterstaff "Faip" {crush, rN+++ Str-4
                  | Int+3} (You found it on level 8 of the Dungeon)
  9226 | D:8      | Slain by a gnoll

Vault maps used:
D:1:      roderic_octagonal_star, minmay_tetromino_t2
D:2:      nicolae_overflow_crystal_walls, lemuel_doored_altar,
          old_standard_altar
D:3:      marbit_many_paths, grunt_ministairs_9, chequers_serial_rivers_small_b,
          fedhas_altar_2
D:4:      first_ration, minmay_misc_feat_secret_circle
D:5:      serial_shops, shop, minmay_small_thing
D:6:      old_standard_altar, tso_altar, ebering_dispersal_statue_hall,
          uniq_eustachio
D:7:      eat_drink_and_be_merry_uskayaw, nicolae_dithmenos_the_darkroom,
          temple_pool_b, grunt_livestock
D:8:      gammafunk_steamed_eel, trog_ov_bears_minmay,
          lemuel_coloured_pillars_altar, special_room,
          gammafunk_ghost_gnarly_gnolls, minivault_14,
          kennysheep_generic_room_13

Skill      XL: |  1  2  3  4  5  6  7  8  9 10 |
---------------+-------------------------------+-----
Long Blades    | 4 5 6 7 9 |  9.7
Short Blades   | 1 3 4 5 6 |  6.7
Dodging        | 5 6 7 9 10 | 10.4
Stealth        | 3 4 5 6 |  6.7
Fighting       | 4 5 7 |  7.9
Shields        | |  0.4

Action                   |  1- 3 |  4- 6 |  7- 9 | 10-12 || total
-------------------------+-------+-------+-------+-------++-------
Melee: Falchion          |    83 |    49 |   319 |   119 ||   570
       Dagger            |    33 |   100 |   252 |   128 ||   513
       Tailslap          |       |       |    15 |    12 ||    27
       Morningstar       |       |       |       |     9 ||     9
Throw: Stone             |     2 |     1 |       |       ||     3
       Tomahawk          |       |       |     1 |     7 ||     8
       Throwing net      |       |       |       |     2 ||     2
Invok: Lunge             |       |     9 |    70 |    17 ||    96
       Whirlwind         |       |     8 |   124 |    50 ||   182
 Abil: Wall Jump         |       |       |     8 |       ||     8
  Use: Scroll            |       |       |     8 |     1 ||     9
       Potion            |       |       |     1 |     1 ||     2
 Stab: Sleeping          |    10 |     2 |    11 |     4 ||    27
       Distracted        |       |     1 |     3 |     1 ||     5
       Held in net/web   |       |       |       |     1 ||     1
  Eat: Chunk             |     3 |     5 |    12 |     8 ||    28
Armor: Robe              |    14 |    27 |    65 |    14 ||   120
Dodge: Dodged            |    78 |    93 |   357 |   201 ||   729
Block: Buckler           |       |       |       |    27 ||    27
       Rpst.: Falchion   |    17 |    11 |    75 |    28 ||   131

Table legend:
 A = Non-vault XP
 B = Vault XP
 C = Vault XP percentage of total XP
 D = Non-vault monster count
 E = Vault monster count
 F = Vault count percentage of total count
                 A         B        C        D         E       F
            +---------+---------+-------+---------+---------+-------
      Total |    4621 |    2242 |  32.7 |     166 |      41 |  19.8
            +---------+---------+-------+---------+---------+-------
        D:1 |      50 |       3 |   5.7 |      27 |       2 |   6.9
        D:2 |      36 |       0 |   0.0 |      10 |       0 |   0.0
        D:3 |      33 |       5 |  13.2 |      11 |       3 |  21.4
        D:4 |     226 |       0 |   0.0 |       7 |       0 |   0.0
        D:5 |    1081 |     180 |  14.3 |      32 |       2 |   5.9
        D:6 |    1255 |     197 |  13.6 |      29 |       1 |   3.3
        D:7 |     851 |     997 |  54.0 |      25 |       5 |  16.7
        D:8 |    1089 |     860 |  44.1 |      25 |      28 |  52.8
            +---------+---------+-------+---------+---------+-------
